AoeStats
← GordoBot

Arabia

510639554Analyzed
1v1 RM · 16h ago on Oct 1, 2026· 34m 40s· 2 players
Game mode
Random Map
Map size
Tiny (2 player)
Population
200
Speed
Normal
Resources
Standard
Victory
Conquest
Starting age
Dark Age
Ending age
Imperial Age
RankedLock teamsTeams togetherTeam positionsShared explorationLock speedFull tech treeHidden civsTurbo modeCheats
Victory
Defeat
🇺🇾 Britons · Uruguay
996
+15
🇦🇷 Mongols · Argentina
969
-15
GordoBot
4:25 Loom
11:37 Feudal Age
16:06 Castle Age
19:52 Scale Barding Armor
22:34 Double-Bit Axe
23:35 Bloodlines
26:02 Forging
27:48 Town Watch
31:50 Husbandry
33:09 Chain Barding Armor
Lazerth
6:36 Loom
9:19 Feudal Age
10:47 Double-Bit Axe
13:48 Fletching
21:14 Castle Age
21:32 Crossbowman
21:38 Crossbowman
22:21 Bodkin Arrow
24:45 Padded Archer Armor
25:40 Ballistics
28:00 Leather Archer Armor
30:56 Yeomen
Connection lost

Rejoining the realm…

Still unreachable

The connection could not be restored.

Session expired

The server has moved on; the page needs a fresh start.